 Dungeon Sprint DCSS version 0.26-a0-662-g8b9c6dab81 (webtiles) character file.

Game seed: 7460865028842706721

4946 mhtbhm the Eclecticist (level 10, -1/50 HPs)
             Began as a Deep Elf Earth Elementalist on Oct 9, 2020.
             Was the Champion of Vehumet.
             Slain by a sun demon (14 damage)
             ... summoned by an orc sorcerer
             ... in the Dungeon (Sprint III: "The Ten Rune Challenge").
             The game lasted 00:04:26 (1547 turns).

mhtbhm the Eclecticist (DEEE)                       Turns: 1547, Time: 00:04:27

Health: -1/50      AC:  2    Str:  5    XL:     10   Next: 28%
Magic:  20/35      EV: 16    Int: 26    God:    Vehumet [******]
Gold:   40         SH:  0    Dex: 15    Spells: 33/48 levels left

rFire    . . .     SeeInvis .   q - +2 long sword (holy)
rCold    . . .     Faith    .   (no shield)
rNeg     . . .     Spirit   .   c - +0 robe
rPois    .         Reflect  .   (helmet restricted)
rElec    +         Harm     .   (no cloak)
rCorr    .         Rampage  .   (no gloves)
MR       +....     NoTele   +   (no boots)
Stlth    +++.......             (no amulet)
HPRegen  0.16/turn              (no ring)
MPRegen  0.24/turn              (no ring)

@: no status effects
A: antennae 1, clever 1, electricity resistance
a: Renounce Religion


You were in the Dungeon.
You worshipped Vehumet.
Vehumet was exalted by your worship.
You visited 1 branch You collected 40 gold pieces.

Inventory:

Hand Weapons
 q - a +2 long sword of holy wrath (weapon)
Missiles
 b - 10 stones (quivered)
Armour
 c - a +0 robe (worn)
Scrolls
 a - 5 scrolls of identify
 i - a scroll of blinking
 k - a scroll of holy word {unknown}
 l - 3 scrolls of remove curse
 n - a scroll of torment {unknown}
Potions
 d - a potion of curing
 f - a potion of haste
 h - a potion of berserk rage
 j - 3 potions of mutation
 m - a potion of flight {unknown}
 o - 2 potions of brilliance {unknown}
 p - 2 potions of might
Miscellaneous
 r - a phantom mirror


   Skills:
 + Level 6.1 Dodging
 - Level 4.7 Stealth
 + Level 19.5 Spellcasting
 + Level 2.5 Conjurations
 + Level 2.3 Transmutations
 + Level 17.7 Earth Magic


You had 33 spell levels left.
You knew the following spells:

 Your Spells              Type           Power        Failure   Level
a - Sandblast             Erth           ######       0%          1
b - Passwall              Tmut/Erth      ######..     1%          2
c - Stone Arrow           Conj/Erth      ######       1%          3
d - Lee's Rapid Deconstr  Erth           #######...   1%          5
e - Petrify               Tmut/Erth      ######..     1%          4

Your spell library contained the following spells:

 Spells                   Type           Power        Failure   Level
 Bolt of Magma            Conj/Fire/Erth ######....   1%          5
 Animate Skeleton         Necr           ####..       1%          1
 Apportation              Tloc           ####..       1%          1
 Corona                   Hex            ####...      1%          1
 Summon Small Mammal      Summ           ####         1%          1


Dungeon Overview and Level Annotations

Branches:
Dungeon (1/1)

Altars:
Cheibriados
Dithmenos
Elyvilon
Fedhas
Gozag
Hepliaklqana
Kikubaaqudgha
Makhleb
Nemelex Xobeh
Okawaru
Qazlal
Ru
Sif Muna
Trog
Uskayaw
Vehumet
Wu Jian
Xom
Yredelemnul
Zin
The Shining One
Beogh
Jiyva
Lugonu

Shops:
D (


Innate Abilities, Weirdness & Mutations

You have a pair of small antennae on your head.
Your mind is acute. (Int +2)
You are resistant to electric shocks. (rElec)


Message History

The orc sorcerer gestures wildly while chanting.
Casting: Sandblast (safe; 0% risk of failure)
Confirm with . or Enter, or press ? or * to list all spells.
Aiming: Sandblast (safe; 0% risk of failure)
Press: ? - help, Shift-Dir - straight line, f/p - orc sorcerer
Aim: an orc sorcerer, wielding a +0 dagger and wearing a +0 robe (heavily wounded)
The blast of sand misses the orc sorcerer.
The blast of sand hits the orc!
You kill the orc!
Vehumet accepts your kill.
You feel your power returning.
b - 10 stones The sun demon hits you!
You are engulfed in flames!
* * * LOW HITPOINT WARNING * * *
The orc priest looks encouraged for a moment.
The orc sorcerer hits you with a +0 dagger.
* * * LOW HITPOINT WARNING * * *
Unknown command.
Magic courses through your body. The sun demon hits you!
You die...

♣.############$#$$###
♣♣.#___#___#__#$#$#o$
♣..#...#__)#._#$$)oo
♣♣..###'#÷###'##..).
..♣.#..†.......#.).
♣♣..'.⌠........#)o
≈♣♣.#...######'#)#
....#.⌠.#__#...#o################
....#...#__#...#@§§≈§'.#.'...'.#.
....#'###__#...#3#§§§#.#)#...##.#
....#.))#__#...'.#.§§#.#.#)..#.#.
....#___#__'...#.#§..#..(#...##.#
▓▓▓▓▓▓▓▓▓▓▓▓▓▓▓▓▓▓▓▓▓▓▓▓▓▓▓▓▓#.#.
≈≈≈........≈≈≈...##.#
♣≈≈≈≈≈≈≈≈≈≈≈≈♣♣P.'.#.
♣♣♣♣♣♣♣♣♣♣♣♣♣♣♣PP##.# ♣♣♣# +#


You could see a sun demon (summoned), an orc sorcerer and an orc priest.

Vanquished Creatures
  Snorg (D)
  A centaur warrior (D)
  An orc high priest (D)
  An unseen horror (D)
  A deep elf mage (D)
  3 wandering mushrooms (D)
  A shadow (D)
  A spatial vortex (D)
  2 orc warriors (D)
  A necrophage (D)
  2 centaurs (D)
  An earth elemental (D)
  A water elemental (D)
  A scorpion (D)
  A jelly (D)
  3 orc wizards (D)
  Jessica (D)
  A wizard (D)
  A necromancer (D)
  3 humans (D)
  A kobold demonologist (D)
  4 orcs (D)
  2 rats (D)
35 creatures vanquished.

Vanquished Creatures (others)
  5 orcs (D)
  3 plants (D)
8 creatures vanquished.

Grand Total: 43 creatures vanquished

Notes
Turn   | Place    | Note
-------+----------+-------------------------------------------
     0 | D        | mhtbhm the Deep Elf Earth Elementalist began the quest for
                  | the Orb.
     0 | D        | Reached XP level 1. HP: 10/10 MP: 6/6
    28 | D        | Noticed Jessica
    29 | D        | Killed Jessica
    29 | D        | Reached skill level 4 in Spellcasting
    29 | D        | Reached skill level 5 in Earth Magic
    29 | D        | Reached XP level 2. HP: 15/15 MP: 5/9
    72 | D        | Learned a level 2 spell: Passwall
    96 | D        | Reached skill level 5 in Spellcasting
    96 | D        | Reached XP level 3. HP: 7/19 MP: 0/11
   101 | D        | Learned a level 3 spell: Stone Arrow
   281 | D        | Noticed a scorpion
   285 | D        | Killed a scorpion
   285 | D        | Reached skill level 6 in Spellcasting
   285 | D        | Reached XP level 4. HP: 23/24 MP: 5/14
   348 | D        | Gained mutation: Your mind is acute. (Int +2) [potion of
                  | mutation]
   348 | D        | Gained mutation: You are resistant to electric shocks.
                  | (rElec) [potion of mutation]
   348 | D        | Gained mutation: You have a pair of small antennae on your
                  | head. [potion of mutation]
   368 | D        | Noticed a water elemental
   371 | D        | Killed a water elemental
   371 | D        | Reached skill level 5 in Dodging
   371 | D        | Reached skill level 7 in Spellcasting
   371 | D        | Reached XP level 5. HP: 28/28 MP: 13/17
   380 | D        | Learned a level 5 spell: Lee's Rapid Deconstruction
   385 | D        | Learned a level 4 spell: Petrify
   408 | D        | Found a radiant altar of Vehumet.
   410 | D        | Reached skill level 8 in Spellcasting
   479 | D        | Found a shimmering blue altar of Sif Muna.
   480 | D        | Found an ancient bone altar of Kikubaaqudgha.
   490 | D        | Became a worshipper of Vehumet
   501 | D        | Found a hide-covered altar of Uskayaw.
   501 | D        | Found a roughly hewn altar of Beogh.
   501 | D        | Found an iron altar of Okawaru.
   501 | D        | Found a bloodstained altar of Trog.
   501 | D        | Found an ornate altar of the Wu Jian Council.
   501 | D        | Noticed a human
   501 | D        | Noticed a human
   504 | D        | Killed a human
   504 | D        | Reached skill level 10 in Spellcasting
   504 | D        | Reached skill level 10 in Earth Magic
   504 | D        | Reached XP level 6. HP: 32/32 MP: 7/21
   507 | D        | Killed a human
   507 | D        | Reached skill level 11 in Spellcasting
   507 | D        | Reached skill level 1 in Conjurations
   628 | D        | Found a glowing silver altar of Zin.
   628 | D        | Found a glowing golden altar of the Shining One.
   628 | D        | Found a white marble altar of Elyvilon.
   628 | D        | Noticed a deep elf mage
   631 | D        | Killed a deep elf mage
   631 | D        | Reached * piety under Vehumet
   631 | D        | Offered knowledge of Foxfire by Vehumet.
   631 | D        | Reached skill level 13 in Spellcasting
   631 | D        | Reached XP level 7. HP: 36/36 MP: 7/25
   727 | D        | Found a basalt altar of Yredelemnul.
   727 | D        | Found a shadowy altar of Dithmenos.
   727 | D        | Found a sacrificial altar of Ru.
   764 | D        | Reached ** piety under Vehumet
   764 | D        | Noticed a shadow
   768 | D        | Killed a shadow
   768 | D        | Reached skill level 14 in Spellcasting
   768 | D        | Reached XP level 8. HP: 41/41 MP: 6/28
   871 | D        | Found a blossoming altar of Fedhas.
   871 | D        | Found a stormy altar of Qazlal.
   871 | D        | Found a snail-covered altar of Cheibriados.
   871 | D        | Found a burning altar of Makhleb.
   871 | D        | Found a shimmering altar of Xom.
   873 | D        | Offered knowledge of Freeze by Vehumet.
   874 | D        | Found a hazy altar of Hepliaklqana.
   874 | D        | Found an opulent altar of Gozag.
   874 | D        | Found a sparkling altar of Nemelex Xobeh.
   874 | D        | Found a corrupted altar of Lugonu.
   874 | D        | Found a viscous altar of Jiyva.
   933 | D        | Noticed Snorg
   941 | D        | Killed Snorg
   941 | D        | Reached skill level 16 in Spellcasting
   941 | D        | Reached skill level 15 in Earth Magic
   941 | D        | Reached XP level 9. HP: 45/45 MP: 18/31
  1065 | D        | Offered knowledge of Static Discharge by Vehumet.
  1065 | D        | Reached *** piety under Vehumet
  1114 | D        | Noticed a centaur warrior
  1116 | D        | Killed a centaur warrior
  1116 | D        | Reached skill level 17 in Spellcasting
  1354 | D        | Killed an unseen horror
  1354 | D        | Offered knowledge of Airstrike by Vehumet.
  1354 | D        | Reached **** piety under Vehumet
  1354 | D        | Reached skill level 18 in Spellcasting
  1404 | D        | Noticed a wandering mushroom
  1409 | D        | Noticed a wandering mushroom
  1412 | D        | Killed a wandering mushroom
  1414 | D        | Noticed a wandering mushroom
  1418 | D        | Killed a wandering mushroom
  1418 | D        | Reached XP level 10. HP: 50/50 MP: 19/34
  1424 | D        | Reached ***** piety under Vehumet
  1424 | D        | Reached skill level 19 in Spellcasting
  1531 | D        | Found Leziss's Antique Weapon Boutique.
  1533 | D        | Offered knowledge of Bolt of Magma by Vehumet.
  1533 | D        | Noticed an orc high priest
  1533 | D        | Noticed an orc sorcerer
  1535 | D        | Noticed a smoke demon
  1538 | D        | Killed an orc high priest
  1544 | D        | Reached ****** piety under Vehumet
  1546 | D        | Noticed a sun demon
  1547 | D        | Slain by a sun demon

Illustrated notes

Levels and vault maps discovered:
D:        dungeon_sprint_mu [sprint_mu_entry_forest, sprint_mu_temple_rooms,
          sprint_mu_d1_horrors, sprint_mu_d2_genie, sprint_mu_d3_branching,
          sprint_mu_orc_legion, sprint_mu_elf_gauntlet, sprint_mu_hive_nellie,
          sprint_mu_lair_fedhas, sprint_mu_vaults_butterflies,
          sprint_mu_slime_circle, sprint_mu_swamp_cave, sprint_mu_snake_twists,
          sprint_mu_blade_basic, sprint_mu_crypt_lich, sprint_mu_tomb_spiral,
          sprint_mu_vestibule_basic, sprint_mu_gehenna_hellfire,
          sprint_mu_dis_giant, sprint_mu_tartarus_statrot,
          sprint_mu_cocytus_islands, sprint_mu_zot1]

Skill      XL: |  1  2  3  4  5  6  7  8  9 10 |
---------------+-------------------------------+-----
Dodging        | 3 4 5 6 |  6.1
Stealth        | 3 4 |  4.7
Spellcasting   | 4 5 6 7 10 13 14 16 18 19 | 19.5
Earth Magic    | 5 6 7 8 10 13 15 17 | 17.7
Conjurations   | 1 2 |  2.5
Transmutations | 2 |  2.3

Action                   |  1- 3 |  4- 6 |  7- 9 | 10-12 || total
-------------------------+-------+-------+-------+-------++-------
 Cast: Sandblast         |    13 |     5 |       |     2 ||    20
       Stone Arrow       |     1 |     1 |     5 |     4 ||    11
       Lee's Rapid Decon |       |     7 |    23 |     7 ||    37
       Petrify           |       |       |     1 |     2 ||     3
  Use: Potion            |       |     1 |     1 |     3 ||     5
Dodge: Dodged            |     5 |     2 |       |       ||     7

Table legend: (Time is in decaauts)
 A = Elapsed time spent in this place.
 B = Non-inter-level travel time spent in this place.
 C = Inter-level travel time spent in this place.
 D = Time resting spent in this place.
 E = Time spent auto-exploring this place.
 F = Levels seen in this place.
 G = Mean time per level.
                   A        B        C        D        E       F      G
               +--------+--------+--------+--------+--------+-----+--------+
         Total |   1556 |   1556 |      0 |   1186 |      1 |   1 | 1556.0 |
       Dungeon |   1556 |   1556 |      0 |   1186 |      1 |   1 | 1556.0 |
               +--------+--------+--------+--------+--------+-----+--------+

Top non-repeatable levels by time:
       D: 1556 daAuts
